 Dungeon Crawl Stone Soup version bcrawl-1.12-5-g74a5124548 (webtiles) character file.

Game seed: 3680675261316745876

41 MisterOstroum the Skirmisher (level 3, -3/29 HPs)
             Began as a Demonspawn Archaeologist on June 1, 2019.
             Slain by a goblin
             ... wielding a +0 dagger
             ... led by Robin
              (5 damage)
             ... on level 2 of the Dungeon.
             The game lasted 00:02:32 (1206 turns).

MisterOstroum the Skirmisher (DsAc)                 Turns: 1206, Time: 00:02:33

Health: -3/29      AC:  8    Str: 12    XL:     3   Next: 32%
Magic:  0/3        EV:  9    Int: 15    God:
Gold:   116        SH: 10    Dex: 11    Spells: 2/2 levels left

rFire    . . .     SeeInvis .   m - +0 spear
rCold    . . .     Gourm    .   j - +0 shield
rNeg     . . .     Faith    .   a - +1 robe
rPois    .         Spirit   +   b - +1 hat
rElec    .         Reflect  .   (no cloak)
rCorr    .         Harm     .   d - +1 pair of gloves
MR       .....                  c - +1 pair of boots
Stlth    ++........             (no amulet)
HPRegen  0.09/turn              (no ring)
MPRegen  0.08/turn              (no ring)

@: studying Armour
A: large bone plates 1, magic shield
a: no special abilities


You were on level 2 of the Dungeon.
You were not hungry.

You visited 1 branch of the dungeon, and saw 2 of its levels.

You collected 116 gold pieces.

Inventory:

Hand Weapons
 m - a +0 spear (weapon)
Missiles
 l - 116 tomahawks (quivered)
Armour
 a - a +1 robe (worn)
 b - a +1 hat (worn)
 c - a +1 pair of boots (worn)
 d - a +1 pair of gloves (worn)
 j - a +0 shield (worn)
Jewellery
 h - a +3 ring of dexterity {unknown}
Scrolls
 o - a scroll of amnesia {unknown}
 r - a scroll of teleportation {unknown}
Potions
 i - a potion of agility {unknown}
 n - a potion of berserk rage {unknown}
 p - 2 potions of heal wounds {unknown}
 q - a potion of haste {unknown}
Books
 g - a manual of Armour
Miscellaneous
 f - an ancient crate
Comestibles
 e - 3 rations {!d}


   Skills:
 + Level 3.1 Fighting
 + Level 0.1 Polearms
 * Level 0.7 Armour
 - Level 2.6 Dodging
 - Level 3.0 Stealth


You had 2 spell levels left.
You didn't know any spells.
Your spell library was empty.

Dungeon Overview and Level Annotations

Branches:
Dungeon (2/12)

Altars:

Annotations:
D:2 Robin


Innate Abilities, Weirdness & Mutations

You are partially covered in large bone plates. (SH +4)
When hurt, damage is shared between your health and your magic reserves.


Message History

You are too injured to fight recklessly!
You are too injured to fight recklessly!
You are too injured to fight recklessly!
You are too injured to fight recklessly!
You are too injured to fight recklessly!
You are too injured to fight recklessly!
You are too injured to fight recklessly!
You hit the goblin.
The goblin is moderately wounded.
The goblin barely misses you. The goblin hits you but does no damage.
The goblin barely misses you.
You barely miss the goblin.
The goblin is moderately wounded.
The goblin hits you but does no damage. The goblin barely misses you.
Robin's bangles clink loudly.
You closely miss the goblin.
The goblin is moderately wounded.
You block the goblin's attack. The goblin completely misses you.
You hit the goblin.
You kill the goblin!
The goblin no longer looks unusually strong.
The goblin hits you with a +0 dagger. You block the goblin's attack.
You hit the goblin.
The goblin is heavily wounded.
You block the goblin's attack. x2; The goblin hits you with a +0 dagger.
You closely miss the goblin.
The goblin is heavily wounded.
The goblin hits you but does no damage. You block the goblin's attack.
You barely miss the goblin.
The goblin is heavily wounded.
The goblin no longer looks unusually strong.
The goblin hits you but does no damage. The goblin closely misses you.
Robin's horned helmet rattles.
Robin roars a battlecry!
The goblins go into a battle-frenzy!
You hear a shout!
You hit the goblin.
You kill the goblin!
The goblin hits you with a +0 dagger.
A goblin comes into view.
You block the goblin's attack.
You closely miss the goblin.
The goblin no longer looks unusually strong.
The goblin hits you. You block the goblin's attack.
A goblin comes into view.
You barely miss the goblin. You block the goblin's attack.
The goblin hits you but does no damage.
You closely miss the goblin.
Robin roars a battlecry!
The goblins go into a battle-frenzy!
You block the goblin's attack. x2; The goblin hits you but does no damage.
You hear a shout!
You hit the goblin.
The goblin is moderately wounded.
You block the goblin's attack. The goblin hits you.
Robin laughs in a distinctly smug fashion.
The goblin hits you with a +0 dagger.
You closely miss the goblin.
The goblin is moderately wounded.
You block the goblin's attack. The goblin hits you but does no damage.
You hit the goblin.
The goblin is severely wounded.
The goblin hits you.
The goblin hits you but does no damage. x2
You hit the goblin.
You kill the goblin!
The goblin hits you but does no damage.
You closely miss the goblin. You block the goblin's attack.
The goblin barely misses you. The goblin closely misses you.
The goblin barely misses you.
You barely miss the goblin. You block the goblin's attack.
The goblin barely misses you.
You hit the goblin.
You kill the goblin!
The goblin hits you with a +0 dagger.
* * * LOW HITPOINT WARNING * * *
You block the goblin's attack.
You barely miss the goblin. The goblin hits you but does no damage.
The goblin hits you.
* * * LOW HITPOINT WARNING * * *
You closely miss the goblin. You block the goblin's attack.
The goblin hits you but does no damage.
You barely miss the goblin. You block the goblin's attack. x2
You hit the goblin.
The goblin is severely wounded.
The goblin hits you with a +0 dagger.
* * * LOW HITPOINT WARNING * * *
The goblin hits you but does no damage. x2
You hit the goblin.
You kill the goblin!
The goblin no longer looks unusually strong.
Robin roars a battlecry!
The goblin goes into a battle-frenzy!
You block the goblin's attack.
You barely miss the kobold. You block the kobold's attack.
The goblin completely misses you.
You closely miss the kobold. The goblin hits you but does no damage.
The kobold hits you but does no damage.
You barely miss the kobold. The goblin hits you but does no damage.
You block the kobold's attack. The goblin hits you with a +0 dagger.
You die...

#### ..# #.#
############.####
................#
..........##.##.##
.########.##.##..#
.# #.##.###g# ##
#....# #@# ####
########K## ....#
.......g.# # ....#
######.#.####..g.
.....
........).......
....[
......#..###w#..
..... .......##.#
..... ....... #..
####. K...... ##.#


You could see Robin, a goblin and a kobold.

Vanquished Creatures
  3 dart slugs (D:1)
  2 bats (D:1)
  A giant cockroach (D:1)
  5 hobgoblins
  4 kobolds
  2 frilled lizards (D:1)
  10 goblins
  5 rats
32 creatures vanquished.

Notes
Turn   | Place    | Note
-------+----------+-------------------------------------------
     0 | D:1      | MisterOstroum the Demonspawn Archaeologist began the quest
                  | for the Orb.
     0 | D:1      | Reached XP level 1. HP: 15/15 MP: 1/1
   248 | D:1      | Gained mutation: When hurt, damage is shared between your
                  | health and your magic reserves. [demonic ancestry]
   248 | D:1      | Reached XP level 2. HP: 22/22 MP: 2/2
  1149 | D:2      | Gained mutation: You are partially covered in large bone
                  | plates. (SH +4) [demonic ancestry]
  1149 | D:2      | Reached XP level 3. HP: 29/29 MP: 3/3
  1163 | D:2      | Noticed Robin
  1206 | D:2      | Slain by a goblin

Skill      XL: |  1  2 |
---------------+-------+-----
Fighting       | 2 3 |  3.1
Polearms       | |  0.1
Armour         | |  0.7
Dodging        | |  2.6
Stealth        | |  3.0

Action                   || total
-------------------------++-------
Melee: Unarmed           ||    25
       Spear             ||   116
       Club              ||     3
Throw: Stone             ||    36
       Tomahawk          ||     5
 Stab: Sleeping          ||     2
  Eat: Chunk             ||     1
Armor: Robe              ||    50
Dodge: Dodged            ||    45
Block: Shield            ||    40
